 Dungeon Crawl Stone Soup version 0.18-a0-750-g37044d6 (webtiles) character file.

966 cluie the Insei (level 7, -1/55 HPs)
             Began as a Demonspawn Monk on Dec 11, 2015.
             Killed from afar by cireshan's ghost (20 damage)
             ... with an orb of energy
             ... on level 5 of the Dungeon.
             The game lasted 00:08:24 (4235 turns).

cluie the Insei (Demonspawn Monk)                   Turns: 4235, Time: 00:08:24

Health: -1/55      AC: 14    Str: 13    XL:     7   Next: 93%
Magic:  0/7        EV: 12    Int: 11    God:
Gold:   186        SH:  0    Dex: 21    Spells: 0 memorised, 6 levels left

rFire  . . .     SeeInvis .       - Unarmed
rCold  . . .     Clarity  .     j - +1 storm dragon armour
rNeg   . . .     SustAt   .     (no shield)
rPois  .         Gourm    .     (no helmet)
rElec  +         Spirit   +     (no cloak)
rCorr  .         Dismiss  .     (no gloves)
rMut   .         Stasis   .     h - +0 pair of boots
MR     .....                    (no amulet)
Stlth  ..........               (no ring)
                                (no ring)

@: agile, not resistant to hostile enchantments, extremely unstealthy
A: powered by pain 1, magic shield
a: no special abilities


You were on level 5 of the Dungeon.
You were hungry.

You visited 1 branch of the dungeon, and saw 5 of its levels.

You collected 186 gold pieces.

Inventory:

Armour
 a - a +0 robe
 h - a +0 pair of boots (worn)
 j - a +1 storm dragon armour (worn)
Wands
 t - a wand of frost (22)
Scrolls
 c - 2 scrolls of teleportation
 d - a scroll of amnesia
 f - a scroll of immolation
 l - a scroll of enchant weapon
 o - a scroll of remove curse
Potions
 e - 2 potions of agility
 g - 2 potions of curing
 i - a potion of resistance
 k - a potion of cancellation
 n - a potion of cure mutation
 q - a potion of mutation {unknown}
 s - 2 potions of brilliance {unknown}
 u - a potion of haste {unknown}
 v - 2 potions of heal wounds {unknown}
 z - a potion of lignification {unknown}
Books
 x - a book of Spatial Translocations

   Spells                             Type                      Level
   a - Apportation                    Translocation                1
   b - Blink                          Translocation                2
   c - Shroud of Golubria             Charms/Translocation         2
   d - Portal Projectile              Translocation                3
   e - Teleport Other                 Translocation                3
   f - Passage of Golubria            Translocation                4
Comestibles
 b - 4 bread rations
 m - a slice of pizza
 p - 2 meat rations
 w - 2 beef jerkies


   Skills:
 + Level 4.8 Fighting
 * Level 5.0 Armour
 - Level 2.8 Dodging
 - Level 1.7 Stealth
 * Level 6.5 Unarmed Combat


You had 6 spell levels left.
You didn't know any spells.

Dungeon Overview and Level Annotations

Branches:
Dungeon (5/15)
 Temple: D:4-7

Altars:
Dithmenos
Elyvilon
Nemelex Xobeh

Annotations:
D:5 cireshan's ghost, novice DECj


Innate Abilities, Weirdness & Mutations

You sometimes gain a little power by taking damage.
When hurt, damage is shared between your health and your magic reserves.


Message History

Cireshan's ghost points at you and mumbles some strange words.
The magic dart hits you!
You hit cireshan's ghost.
Cireshan's ghost is heavily damaged.
Cireshan's ghost hits you but does no damage.
You hit cireshan's ghost.
Cireshan's ghost is severely damaged.
Cireshan's ghost hits you but does no damage.
Your storm dragon armour prevents you from hitting cireshan's ghost.
Cireshan's ghost is heavily damaged.
Cireshan's ghost hits you but does no damage.
You hit cireshan's ghost.
Cireshan's ghost is severely damaged.
Cireshan's ghost points at you and mumbles some strange words.
The orb of energy hits you!
The orb of energy explodes!
You hit cireshan's ghost.
Cireshan's ghost is almost destroyed.
Cireshan's ghost gestures at you while chanting.
The orb of energy hits you!
You die...

#####..#.#.# ###.##.#
#### .......#.#.##....
#.# # #........>...# #.#
# #.#........#.#.# #^#
###### #..........#.#.#
#.# ......
#.......?#.#.#.# #.#
###### #........##W#.#.#
#.. .........##.#.#.#
### #..".....##.#@#.###
#.# ##.....#.##.W.^...#
#.#
##...##.##..#..#.#####.#
##.# #.##.###.........##
#..#..#.####...###
##...##.#........
##.###.#.##...#
..........###.######
###.#.....<.........


You could see cireshan's ghost.

Vanquished Creatures
  Sigmund (D:5)
  Edmund (D:4)
  A phantom (D:4)
  2 ogres
  The ghost of Nicoed the Ruffian, an amateur DrTm (D:3)
  A crimson imp (D:5)
  An iguana (D:5)
  2 hounds (D:4)
  A worker ant (D:4)
  7 gnolls
  8 adders
  2 oozes
  2 adder skeletons (D:4)
  An adder zombie (D:5)
  2 worms
  3 giant geckos (D:2)
  3 orcs
  A ball python (D:2)
  2 giant cockroaches
  5 hobgoblins
  3 jackals (D:3)
  6 kobolds
  2 quokkas (D:2)
  5 bats
  A giant newt (D:3)
  6 goblins
  7 rats
77 creatures vanquished.

Notes
Turn   | Place    | Note
--------------------------------------------------------------
     0 | D:1      | cluie the Demonspawn Monk began the quest for the Orb.
     0 | D:1      | Reached XP level 1. HP: 18/18 MP: 1/1
   462 | D:2      | Gained mutation: When hurt, damage is shared between your health and your magic reserves. [demonic ancestry]
   462 | D:2      | Reached XP level 2. HP: 24/24 MP: 2/2
   568 | D:2      | Found a white marble altar of Elyvilon.
   628 | D:2      | Reached skill level 4 in Unarmed Combat
   668 | D:2      | Found a sparkling altar of Nemelex Xobeh.
   691 | D:2      | Reached XP level 3. HP: 19/29 MP: 3/3
   797 | D:2      | Reached skill level 1 in Armour
  1050 | D:1      | Gained mutation: You sometimes gain a little power by taking damage. [demonic ancestry]
  1050 | D:1      | Reached XP level 4. HP: 20/35 MP: 2/4
  1431 | D:3      | Noticed Nicoed's ghost (amateur DrTm)
  2341 | D:3      | Reached XP level 5. HP: 20/42 MP: 2/5
  2569 | D:3      | Killed Nicoed's ghost
  2569 | D:3      | Reached skill level 5 in Unarmed Combat
  2722 | D:4      | Reached XP level 6. HP: 28/48 MP: 4/6
  3120 | D:4      | Noticed Edmund
  3155 | D:4      | Killed Edmund
  3155 | D:4      | Reached XP level 7. HP: 39/54 MP: 2/7
  3812 | D:5      | Entered Level 5 of the Dungeon
  3935 | D:5      | Found a shadowy altar of Dithmenos.
  3950 | D:5      | Reached skill level 6 in Unarmed Combat
  4060 | D:5      | Noticed Sigmund
  4086 | D:5      | Killed Sigmund
  4201 | D:5      | Noticed cireshan's ghost (novice DECj)
  4203 | D:5      | Reached skill level 5 in Armour
  4235 | D:5      | Killed from afar by cireshan's ghost

Vault maps used:
D:1:      eino_arrival_water_star
D:2:      marbit_many_paths, lemuel_tele_altar
D:3:      first_bread
D:4:      serial_bayou, serial_bayou_pond_b, serial_bayou_lagoon_a,
          serial_bayou_pond_e, serial_bayou_pond_e, uniq_edmund
D:5:      lemuel_crystal_altar, kennysheep_generic_room_15, uniq_sigmund,
          uniq_pikel

Action                   |  1- 3 |  4- 6 |  7- 9 || total
-------------------------+-------+-------+-------++-------
Melee: Unarmed           |   146 |   354 |   113 ||   613
  Use: Scroll            |       |    15 |     2 ||    17
  Eat: Chunk             |       |     8 |     3 ||    11
